 Dungeon Crawl Stone Soup version 0.19-a0-1937-g70ed36a (webtiles) character file.

120 varam the Conjurer (level 4, -20/24 HPs)
             Began as a Deep Elf Conjurer on Oct 26, 2016.
             Blew themself up (23 damage)
             ... with a disintegration bolt
             ... on level 4 of the Dungeon.
             The game lasted 00:06:19 (3018 turns).

varam the Conjurer (Deep Elf Conjurer)              Turns: 3018, Time: 00:06:20

Health: -20/24     AC:  5    Str: 10    XL:     4   Next: 75%
Magic:  7/10       EV: 13    Int: 26    God:
Gold:   117        SH:  0    Dex: 15    Spells: 2 memorised, 6 levels left

rFire  + . .     SeeInvis .     o - +2 dagger (elec)
rCold  + . .     Gourm    .     a - +1 robe
rNeg   + . .     Faith    .     (no shield)
rPois  +         Spirit   .     n - +1 hat
rElec  +         Reflect  .     (no cloak)
rCorr  +         Harm     .     (no gloves)
MR     .....                    (no boots)
Stlth  ++........               (no amulet)
                                s - ring of positive energy
                                r - +1 ring of protection

@: mighty, brilliant, lethally poisoned (-20 -> -25), resistant
A: no striking features
a: no special abilities


You were on level 4 of the Dungeon.
You were very hungry.

You visited 1 branch of the dungeon, and saw 4 of its levels.

You collected 117 gold pieces.

Inventory:

Hand Weapons
 o - a +2 dagger of electrocution (weapon)
Armour
 a - a +1 robe (worn)
 n - a +1 hat (worn)
Jewellery
 k - an uncursed ring of stealth
 r - a +1 ring of protection (left hand)
 s - a ring of positive energy (right hand)
Wands
 j - a wand of disintegration (15/24)
 p - a wand of flame (31/48)
Scrolls
 e - 2 scrolls of remove curse {@r2}
 h - 3 scrolls of identify {@r1}
Books
 b - a book of Conjurations

   Spells                             Type                      Level
   a - Magic Dart                     Conjuration                  1
   b - Searing Ray                    Conjuration                  2
   c - Dazzling Spray                 Conjuration/Hexes            3
   d - Fulminant Prism                Conjuration/Hexes            4
   e - Iskenderun's Mystic Blast      Conjuration                  4
   f - Iskenderun's Battlesphere      Conjuration/Charms           5
Comestibles
 c - 2 bread rations
 g - a beef jerky
 m - a slice of pizza


   Skills:
 - Level 2.4 Dodging
 - Level 2.4 Stealth
 - Level 3.0 Spellcasting
 + Level 6.8 Conjurations


You had 6 spell levels left.
You knew the following spells:

 Your Spells              Type           Power        Failure   Level  Hunger
a - Magic Dart            Conj           ####         1%          1    None
b - Searing Ray           Conj           ######       1%          2    ##.....


Dungeon Overview and Level Annotations

Branches:
Dungeon (4/15)
 Temple: D:4-7

Altars:
Nemelex Xobeh

Annotations:
D:3 Sigmund
D:4 Dowan, Duvessa


Message History

Your +0 robe glows green for a moment.
* * * LOW HITPOINT WARNING * * *
You feel sick.
As you read the scroll labeled INKIOFI TIOCLU, it crumbles to dust.
It is a scroll of recharging.
Charge which item? (? for menu, Esc to quit)
You don't have any such object.
Charge which item? (? for menu, Esc to quit)
You don't have any such object.
Charge which item? (? for menu, Esc to quit)
Really abort (and waste the scroll)?
Okay, then.
Your surroundings suddenly seem different.
Evoke which item? (* to show all) (? for menu, Esc to quit)
Zapping:
j - a wand of disintegration (will waste charges)
Press: ? - help, Shift-Dir - straight line, f - you Really target yourself?
You are blasted!
Ouch! That really hurt!
You die...

#.........#
##########)#
#..........#
####.#####..###+###.
#....##.............
#.#####............#
#.........##.......#
#.......#.##.......#
######.#@....#........#
#......'.....#.#####..#
##.####.#....##.# ..#
#.......#....##.# #
#########....##.#
#....##.# #....##.####
#....##..%.#
#....#####.#


There were no monsters in sight!

Vanquished Creatures
  A worker ant (D:4)
  An adder (D:2)
  3 oozes
  2 worms (D:3)
  2 dart slugs
  A leopard gecko (D:2)
  2 orcs (D:3)
  3 giant cockroaches
  3 goblins
  6 hobgoblins
  10 jackals
  A quokka (D:2)
  3 ball pythons
  4 bats
  10 frilled lizards
  7 kobolds
  4 rats
63 creatures vanquished.

Notes
Turn   | Place    | Note
-------+----------+-------------------------------------------
     0 | D:1      | varam the Deep Elf Conjurer began the quest for the Orb.
     0 | D:1      | Reached XP level 1. HP: 10/10 MP: 6/6
   279 | D:1      | Reached XP level 2. HP: 14/15 MP: 2/8
   311 | D:1      | Reached skill level 5 in Conjurations
   656 | D:1      | Learned a level 2 spell: Searing Ray
   877 | D:2      | Reached XP level 3. HP: 19/19 MP: 4/9
  1668 | D:1      | Reached skill level 6 in Conjurations
  2019 | D:3      | Reached XP level 4. HP: 24/24 MP: 5/10
  2028 | D:3      | Found a sparkling altar of Nemelex Xobeh.
  2388 | D:3      | Noticed Sigmund
  2718 | D:4      | Noticed Duvessa
  2720 | D:4      | Noticed Dowan
  3018 | D:4      | Blew themself up

Vault maps used:
D:1:      dpeg_arrival_tiny_k
D:2:      minmay_lizard_king
D:3:      nemelex_dance_club_becter, uniq_sigmund
D:4:      first_bread, uniq_duvessa

Skill      XL: |  1  2  3 |
---------------+----------+-----
Conjurations   | 5 6 |  6.8
Dodging        | |  2.4
Stealth        | |  2.4
Spellcasting   | |  3.0

Action                   |  1- 3 |  4- 6 || total
-------------------------+-------+-------++-------
Melee: Unarmed           |     6 |       ||     6
       Dagger            |       |     3 ||     3
 Cast: Magic Dart        |    79 |    21 ||   100
       Searing Ray       |     6 |     4 ||    10
  Use: Scroll            |       |     6 ||     6
       Potion            |       |     3 ||     3
  Eat: Chunk             |     3 |     2 ||     5
Armor: Robe              |     5 |     3 ||     8
Dodge: Dodged            |    24 |       ||    24
